 Dungeon Crawl Stone Soup version 0.30.0-29-ga12c61a403 (webtiles) character file.

Game seed: 11458318098111514615

6757 qw the Cleaver (level 11, -8/68 HPs)
             Began as a Gargoyle Fighter on June 5, 2023.
             Was a Priest of Okawaru.
             Mangled by a death yak (18 damage)
             ... on level 9 of the Dungeon.
             The game lasted 00:05:46 (8722 turns).

qw the Cleaver (Gargoyle Fighter)                   Turns: 8722, Time: 00:05:46

Health: -8/68      AC: 39    Str: 25    XL:     11   Next: 4%
Magic:  13/14      EV: 14    Int:  8    God:    Okawaru [***...]
Gold:   166        SH:  6    Dex:  9    Spells: 10/10 levels left

rFire   . . .        Y - +1 war axe (protect)
rCold   . . .        c - +0 buckler
rNeg    + . .        f - +0 plate armour
rPois   inf          s - +0 helmet
rElec   +            y - +0 cloak
rCorr   .            p - +0 pair of gloves
SInv    .            (no boots)
Will    .....        (no amulet)
Stlth   x              - +4 ring of protection
HPRegen 0.31/turn    b - +5 ring of evasion
MPRegen 0.14/turn

%: no passive effects
@: heroic, under a protective aura
A: sickness immunity, AC +8, negative energy resistance 1, electricity
resistance, torment resistance 1, petrification resistance
a: Renounce Religion, Heroism


You were on level 9 of the Dungeon.
You worshipped Okawaru.
Okawaru was most pleased with you.
You visited 2 branches of the dungeon, and saw 10 of its levels.

You collected 605 gold pieces.
You spent 439 gold pieces at shops.


Innate Abilities, Weirdness & Mutations

You are immune to sickness and miasma.
Your stone body is resilient. (AC +8)
You are immune to poison.
You resist negative energy. (rN+)
You are resistant to electric shocks. (rElec)
You are resistant to unholy torment.
You are immune to petrification.


   Skills:
 + Level 8.0(13.0) Fighting
 - Level 11.0(16.0) Axes
 - Level 3.0(8.0) Throwing
 - Level 8.1(13.1) Armour
 - Level 1.0(6.0) Dodging
 - Level 5.0(10.0) Shields
 - Level 4.0 Invocations


You had 10 spell levels left.
You didn't know any spells.
Your spell library was empty.

Inventory:

Hand Weapons
 u - a +0 morningstar
 Y - a +1 war axe of protection (weapon)
Missiles
 j - 2 boomerangs
 A - a javelin (quivered)
Armour
 c - a +0 buckler (worn)
 f - a +0 plate armour (worn)
 g - +0 acid dragon scales
 p - a +0 pair of gloves (worn)
 s - a +0 helmet (worn)
 y - a +0 cloak (worn)
Jewellery
 b - a +5 ring of evasion (right hand)
 v - an amulet of guardian spirit
 x - a +4 ring of protection (left hand)
Scrolls
 h - 5 scrolls of teleportation
 i - a scroll of identify
Potions
 a - 2 potions of attraction
 d - 2 potions of might
 k - a potion of lignification
 l - a potion of cancellation
 m - a potion of magic
 n - a potion of haste
 o - 7 potions of curing
 q - a potion of mutation
 r - a potion of heal wounds
 t - a potion of resistance

Dungeon Overview and Level Annotations

Branches:
Dungeon (9/15)             Temple (0/1) D:5            Lair (1/5) D:9
    Orc: D:9-12

Altars:
Kikubaaqudgha
Okawaru
Vehumet
Xom

Shops:
D:6 (   D:7 *   D:8 ?

Annotations:
D:8 2 runed translucent doors


Message History

The cane toad is moderately wounded.
You hit the death yak. You slash the death yak!
The death yak gores you but does no damage.
The death yak gores you!! The cane toad closely misses you.
You slice the death yak!!
The death yak is heavily wounded.
You hit the cane toad. You slash the death yak! The death yak gores you!
You block the death yak's attack. The cane toad misses you.
8720 ||| STAIRDANCE The cane toad stings you but does no damage.
You block the death yak's attack.
You climb upwards.
Welcome back to the Dungeon!
There is a staircase to the Lair here.
Enter note:
Enter note:
Enter note:
Enter note:
Enter note:
Enter note:
Enter note:
Enter note:
Enter note:
Enter note:
Enter note:
Enter note:
Enter note:
Enter note:
Enter note:
Enter note:
Enter note:
Enter note:
Enter note:
Enter note:
Enter note: You slice the death yak!!
The death yak is severely wounded.
You barely miss the death yak. You barely miss the cane toad.
The cane toad stings you! The death yak gores you. The death yak gores you!!
You die...

#####..#######....#........#.....
#...#........<....#........#.....
#...#.............#........###...
#...########+##+..#..........#..)
..........####.....####......#...
..........##.........##...####...
..........#...P.......#...#......
................Y.........#......
................@F........#......
.............P.Y..........#......
..........#...........#...#......
.......#####.....?...##...#..[...
##.....#.#####.....####...#......
.#.....#.......#.))######.'......
.#.....#......##...#....#.#......
.#.....#......#....#....#.###....
.#.....#......#....#....#...#....


You could see 2 death yaks and a cane toad.

Vanquished Creatures
  A two-headed ogre (D:9)
  A cane toad (Lair:1)
  An unseen horror (D:9)
  A troll (D:9)
  A hornet (D:9)
  Prince Ribbit (D:9)
  A wyvern (D:7)
  3 steam dragons
  3 wargs (D:9)
  A vampire mosquito (D:7)
  An acid dragon (D:9)
  4 orc warriors
  2 water moccasins
  A sky beast (D:6)
  3 ice beasts
  A black bear (D:5)
  3 ogres
  3 centaurs
  2 phantoms (D:5)
  A kobold brigand (D:4)
  4 bullfrogs
  A gnoll sergeant (D:8)
  3 scorpions
  4 killer bees (D:9)
  6 howler monkeys
  2 hounds
  A jelly (D:7)
  3 quasits (D:8)
  2 gnoll boudas
  6 orc priests
  4 iguanas
  5 orc wizards
  Natasha (thrice) (D:4)
  4 sleepcaps
  24 gnolls
  6 adders
  A shadow imp (D:8)
  4 white imps
  5 ufetubi (D:8)
  An adder zombie (D:2)
  A worm (D:2)
  2 dart slugs
  36 orcs
  5 ball pythons
  A bat zombie (D:2)
  5 endoplasms
  3 giant cockroaches
  5 goblins
  2 hobgoblins (D:2)
  13 jackals
  11 kobolds
  A ball python skeleton (D:2)
  3 bats
  2 frilled lizards (D:3)
  5 rats
219 creatures vanquished.

Notes
Turn   | Place    | Note
-------+----------+-------------------------------------------
     0 | D:1      | qw the Gargoyle Fighter began the quest for the Orb.
     0 | D:1      | Reached XP level 1. HP: 14/14 MP: 1/1
     0 | D:1      | 0 ||| qw: Version: 0.2-a-108-gee2c290
     0 | D:1      | 0 ||| qw: Game counter: 1458
     0 | D:1      | 0 ||| qw: Always use a shield: true
     0 | D:1      | 0 ||| qw: God list: Okawaru
     0 | D:1      | 0 ||| qw: Allow faded altars: false
     0 | D:1      | 0 ||| qw: Do Orc after D:15 true
     0 | D:1      | 0 ||| qw: Do second Lair branch before Depths: true
     0 | D:1      | 0 ||| qw: Lair rune preference: random
     0 | D:1      | 0 ||| qw: Plans: Normal, Zot:1-4, Slime:5, God:TSO, Crypt,
                  | Tomb, Abyss, Pan, Hells, Win
     0 | D:1      | 0 ||| PLANNING D:1-11
    21 | D:1      | Reached skill level 2 in Axes
    49 | D:1      | Found a faded altar of an unknown god.
    72 | D:1      | Reached XP level 2. HP: 19/19 MP: 2/2
   139 | D:1      | 139 ||| Stepping ~*~*~tactically~*~*~ (hiding).
   140 | D:1      | 140 ||| Stepping ~*~*~tactically~*~*~ (hiding).
   146 | D:1      | 146 ||| Stepping ~*~*~tactically~*~*~ (hiding).
   282 | D:1      | 282 ||| DROPPING +0 club.
   467 | D:1      | 467 ||| DROPPING orb of energy.
   468 | D:1      | 468 ||| UPGRADING to +2 ring mail of positive energy.
   478 | D:1      | 478 ||| DROPPING +0 scale mail.
   479 | D:1      | 479 ||| UPGRADING to +4 ring of protection.
   480 | D:1      | 480 ||| UPGRADING to ring of positive energy.
   481 | D:1      | 481 ||| DROPPING ring of magical power.
   482 | D:1      | 482 ||| READING scroll labelled QOSHINL YSOGH.
   485 | D:1      | 485 ||| READING scroll labelled OROJID YZEUM.
   486 | D:1      | 486 ||| READING scroll labelled WUGABR CI KOO.
   566 | D:2      | Reached skill level 3 in Axes
   646 | D:2      | Reached XP level 3. HP: 23/23 MP: 3/3
   679 | D:2      | 679 ||| Stepping ~*~*~tactically~*~*~ (hiding).
   680 | D:2      | 680 ||| Stepping ~*~*~tactically~*~*~ (hiding).
   682 | D:2      | 682 ||| Stepping ~*~*~tactically~*~*~ (hiding).
  1142 | D:2      | 1142 ||| DROPPING +2 robe of cold resistance.
  1143 | D:2      | 1143 ||| UPGRADING to +0 chain mail.
  1153 | D:2      | 1153 ||| DROPPING +2 ring mail of positive energy.
  1154 | D:2      | 1154 ||| UPGRADING to +0 pair of gloves.
  1159 | D:2      | 1159 ||| UPGRADING to +0 helmet.
  1164 | D:2      | 1164 ||| DROPPING ring of flight.
  1165 | D:2      | 1165 ||| READING scroll labelled ASSIL CYMOUJI.
  1166 | D:2      | 1166 ||| READING scroll labelled ZIESHI FEABLU.
  1167 | D:2      | 1167 ||| DRINKING 2 green potions.
  1168 | D:2      | 1168 ||| READING 2 scrolls of identify.
  1168 | D:2      | 1168 ||| IDENTIFYING orange potion
  1247 | D:3      | Noticed an ice beast
  1268 | D:3      | Killed an ice beast
  1269 | D:3      | Reached skill level 4 in Axes
  1269 | D:3      | Reached XP level 4. HP: 16/28 MP: 4/4
  1269 | D:3      | Reached XP level 5. HP: 19/32 MP: 5/5
  1326 | D:3      | 1326 ||| Stepping ~*~*~tactically~*~*~ (hiding).
  1416 | D:3      | 1416 ||| Stepping ~*~*~tactically~*~*~ (stealth).
  1418 | D:3      | 1418 ||| Stepping ~*~*~tactically~*~*~ (stealth).
  1419 | D:3      | 1419 ||| Stepping ~*~*~tactically~*~*~ (stealth).
  1429 | D:3      | 1429 ||| Stepping ~*~*~tactically~*~*~ (stealth).
  1507 | D:3      | Reached skill level 5 in Axes
  1792 | D:3      | 1792 ||| DROPPING +6 ring of intelligence.
  1793 | D:3      | 1793 ||| READING scroll labelled EBRATO UWNIERGH.
  1794 | D:3      | 1794 ||| DRINKING 2 fuming clear potions.
  1795 | D:3      | 1795 ||| READING 3 scrolls of identify.
  1795 | D:3      | 1795 ||| IDENTIFYING purple potion
  1796 | D:3      | 1796 ||| READING 2 scrolls of identify.
  1796 | D:3      | 1796 ||| IDENTIFYING coppery potion
  1797 | D:3      | 1797 ||| DROPPING potion of berserk rage.
  1798 | D:3      | 1798 ||| DROPPING potion of degeneration.
  1813 | D:4      | 1813 ||| PLANNING SEWER
  1819 | D:4      | 1819 ||| STAIRDANCE
  1866 | D:3      | 1866 ||| FLEEEEING.
  1870 | D:3      | 1870 ||| STAIRDANCE
  1907 | D:4      | Noticed an orc warrior
  1908 | D:4      | 1908 ||| FLEEEEING.
  1909 | D:4      | 1909 ||| FLEEEEING.
  1910 | D:4      | 1910 ||| FLEEEEING.
  1911 | D:4      | 1911 ||| FLEEEEING.
  1912 | D:4      | 1912 ||| STAIRDANCE
  1979 | D:4      | Killed an orc warrior
  1980 | D:4      | Reached XP level 6. HP: 23/40 MP: 6/6
  2099 | D:4      | 2099 ||| Stepping ~*~*~tactically~*~*~ (stealth).
  2100 | D:4      | 2100 ||| DROPPING +0 mace.
  2123 | D:4      | 2123 ||| Stepping ~*~*~tactically~*~*~ (stealth).
  2315 | D:4      | Found a radiant altar of Vehumet.
  2349 | D:4      | Found an iron altar of Okawaru.
  2359 | D:4      | Noticed Natasha
  2369 | D:4      | Killed Natasha
  2449 | D:4      | Noticed Natasha
  2463 | D:4      | Killed Natasha
  2464 | D:4      | Reached XP level 7. HP: 30/44 MP: 7/7
  2476 | D:4      | 2476 ||| RIP SEWER
  2502 | D:4      | 2502 ||| PLANNING OKAWARU WORSHIP
  2502 | D:4      | 2502 ||| READING scroll labelled YKAYCK FYTHEU.
  2505 | D:4      | Noticed Natasha
  2513 | D:4      | Killed Natasha
  2514 | D:4      | Reached skill level 6 in Axes
  2550 | D:4      | 2550 ||| PLANNING D:1-11
  2599 | D:4      | 2599 ||| PLANNING OKAWARU WORSHIP
  2623 | D:4      | Became a worshipper of Warmaster Okawaru
  2623 | D:4      | 2623 ||| PLANNING D:1-11
  2746 | D:4      | 2746 ||| Stepping ~*~*~tactically~*~*~ (water).
  2751 | D:4      | Reached skill level 1 in Dodging
  2798 | D:4      | 2798 ||| Stepping ~*~*~tactically~*~*~ (hiding).
  2801 | D:4      | 2801 ||| Stepping ~*~*~tactically~*~*~ (stealth).
  2812 | D:4      | 2812 ||| FLEEEEING.
  2866 | D:4      | 2866 ||| Stepping ~*~*~tactically~*~*~ (hiding).
  2901 | D:4      | 2901 ||| Stepping ~*~*~tactically~*~*~ (stealth).
  2941 | D:4      | 2941 ||| FLEEEEING.
  2942 | D:4      | 2942 ||| FLEEEEING.
  2943 | D:4      | 2943 ||| FLEEEEING.
  2944 | D:4      | 2944 ||| FLEEEEING.
  2945 | D:4      | 2945 ||| FLEEEEING.
  2946 | D:4      | 2946 ||| FLEEEEING.
  2947 | D:4      | 2947 ||| FLEEEEING.
  2948 | D:4      | 2948 ||| FLEEEEING.
  2949 | D:4      | 2949 ||| FLEEEEING.
  2950 | D:4      | 2950 ||| FLEEEEING.
  2951 | D:4      | 2951 ||| FLEEEEING.
  2952 | D:4      | 2952 ||| FLEEEEING.
  2953 | D:4      | 2953 ||| FLEEEEING.
  2954 | D:4      | 2954 ||| FLEEEEING.
  2955 | D:4      | 2955 ||| FLEEEEING.
  2956 | D:4      | 2956 ||| FLEEEEING.
  2957 | D:4      | 2957 ||| FLEEEEING.
  2958 | D:4      | 2958 ||| FLEEEEING.
  2959 | D:4      | 2959 ||| FLEEEEING.
  2960 | D:4      | 2960 ||| FLEEEEING.
  2961 | D:4      | 2961 ||| FLEEEEING.
  2962 | D:4      | 2962 ||| FLEEEEING.
  2963 | D:4      | 2963 ||| STAIRDANCE
  3060 | D:4      | 3060 ||| Stepping ~*~*~tactically~*~*~ (stealth).
  3086 | D:4      | 3086 ||| Stepping ~*~*~tactically~*~*~ (stealth).
  3117 | D:4      | Reached skill level 7 in Axes
  3227 | D:4      | 3227 ||| FLEEEEING.
  3228 | D:4      | 3228 ||| FLEEEEING.
  3233 | D:4      | Reached * piety under Okawaru
  3302 | D:4      | 3302 ||| INVOKING Heroism.
  3308 | D:4      | Reached XP level 8. HP: 35/49 MP: 5/8
  3460 | D:4      | Reached skill level 1 in Throwing
  3607 | D:4      | 3607 ||| UPGRADING to +4 ring of protection.
  3609 | D:4      | 3609 ||| DROPPING ring of positive energy.
  3657 | D:5      | Entered Level 5 of the Dungeon
  3720 | D:5      | Found a staircase to the Ecumenical Temple.
  3771 | D:5      | Reached skill level 1 in Invocations
  3808 | D:5      | 3808 ||| Stepping ~*~*~tactically~*~*~ (stealth).
  3812 | D:5      | 3812 ||| INVOKING Heroism.
  3826 | D:5      | Reached skill level 8 in Axes
  3916 | D:5      | 3916 ||| INVOKING Heroism.
  4323 | D:6      | 4323 ||| INVOKING Heroism.
  4400 | D:6      | 4400 ||| Stepping ~*~*~tactically~*~*~ (stealth).
  4402 | D:6      | 4402 ||| Stepping ~*~*~tactically~*~*~ (hiding).
  4410 | D:6      | Reached skill level 3 in Invocations
  4442 | D:6      | Reached skill level 6 in Fighting
  4483 | D:6      | Found an ancient bone altar of Kikubaaqudgha.
  4552 | D:6      | Found a shimmering altar of Xom.
  4675 | D:6      | 4675 ||| Stepping ~*~*~tactically~*~*~ (hiding).
  4888 | D:6      | Reached XP level 9. HP: 55/55 MP: 11/11
  4960 | D:6      | Found Orarhib's Weapon Shoppe.
  4969 | D:6      | 4969 ||| BUYING +0 morningstar (44 gold).
  4969 | D:6      | Bought a +0 morningstar for 44 gold pieces
  4969 | D:6      | 4969 ||| DROPPING +0 flail.
  5439 | D:6      | 5439 ||| INVOKING Heroism.
  5783 | D:6      | 5783 ||| DROPPING ring of see invisible.
  5784 | D:6      | 5784 ||| READING 2 scrolls of identify.
  5784 | D:6      | 5784 ||| IDENTIFYING metallic sapphire potion
  5788 | D:7      | 5788 ||| INVOKING Heroism.
  5804 | D:7      | Reached skill level 9 in Axes
  5993 | D:7      | 5993 ||| INVOKING Heroism.
  6008 | D:7      | 6008 ||| INVOKING Heroism.
  6038 | D:7      | 6038 ||| Stepping ~*~*~tactically~*~*~ (stealth).
  6041 | D:7      | 6041 ||| INVOKING Heroism.
  6050 | D:7      | 6050 ||| Stepping ~*~*~tactically~*~*~ (hiding).
  6055 | D:7      | 6055 ||| Stepping ~*~*~tactically~*~*~ (stealth).
  6130 | D:7      | 6130 ||| Stepping ~*~*~tactically~*~*~ (stealth).
  6194 | D:7      | 6194 ||| INVOKING Heroism.
  6314 | D:7      | Found Viyr's Assorted Antiques.
  6319 | D:7      | 6319 ||| BUYING glowing amethyst potion (19 gold).
  6319 | D:7      | Bought a glowing amethyst potion for 19 gold pieces
  6319 | D:7      | 6319 ||| BUYING scroll labelled DOAPOSUXKIL (22 gold).
  6319 | D:7      | Bought a scroll labelled DOAPOSUXKIL for 22 gold pieces
  6319 | D:7      | 6319 ||| BUYING scroll of identify (44 gold).
  6319 | D:7      | Bought a scroll of identify for 44 gold pieces
  6365 | D:7      | 6365 ||| INVOKING Heroism.
  6854 | D:7      | 6854 ||| UPGRADING to +5 ring of evasion.
  6856 | D:7      | 6856 ||| DROPPING +4 ring of protection.
  6857 | D:7      | 6857 ||| READING scroll labelled DOAPOSUXKIL.
  6858 | D:7      | 6858 ||| DRINKING 2 viscous green potions.
  6859 | D:7      | 6859 ||| READING 4 scrolls of identify.
  6859 | D:7      | 6859 ||| IDENTIFYING fizzy red potion
  6860 | D:7      | 6860 ||| READING 3 scrolls of identify.
  6860 | D:7      | 6860 ||| IDENTIFYING fizzy amethyst potion
  6861 | D:7      | 6861 ||| READING 2 scrolls of identify.
  6861 | D:7      | 6861 ||| IDENTIFYING clear potion
  6862 | D:7      | 6862 ||| DROPPING potion of brilliance.
  6921 | D:8      | 6921 ||| INVOKING Heroism.
  7000 | D:8      | Reached XP level 10. HP: 59/63 MP: 13/13
  7004 | D:8      | Reached skill level 10 in Axes
  7009 | D:8      | Reached ** piety under Okawaru
  7111 | D:8      | Identified the +1 scimitar "Xikostahurr" {elec, Will+
                  | Str+4}
  7138 | D:8      | Found Mynlyl's Magic Scroll Shop.
  7146 | D:8      | 7146 ||| BUYING scroll of brand weapon (95 gold).
  7146 | D:8      | Bought a scroll of brand weapon for 95 gold pieces
  7146 | D:8      | 7146 ||| BUYING scroll of brand weapon (95 gold).
  7146 | D:8      | Bought a scroll of brand weapon for 95 gold pieces
  7146 | D:8      | 7146 ||| BUYING scroll of identify (20 gold).
  7146 | D:8      | Bought a scroll of identify for 20 gold pieces
  7146 | D:8      | 7146 ||| BUYING scroll of identify (20 gold).
  7146 | D:8      | Bought a scroll of identify for 20 gold pieces
  7146 | D:8      | 7146 ||| BUYING scroll of identify (20 gold).
  7146 | D:8      | Bought a scroll of identify for 20 gold pieces
  7146 | D:8      | 7146 ||| BUYING scroll of teleportation (30 gold).
  7146 | D:8      | Bought a scroll of teleportation for 30 gold pieces
  7146 | D:8      | 7146 ||| BUYING scroll of teleportation (30 gold).
  7146 | D:8      | Bought a scroll of teleportation for 30 gold pieces
  7146 | D:8      | 7146 ||| READING 2 scrolls of brand weapon.
  7146 | D:8      | 7146 ||| BRANDING +1 war axe.
  7147 | D:8      | 7147 ||| READING scroll of brand weapon.
  7147 | D:8      | 7147 ||| BRANDING +1 war axe of freezing.
  7172 | D:8      | 7172 ||| INVOKING Heroism.
  7203 | D:8      | 7203 ||| Stepping ~*~*~tactically~*~*~ (stealth).
  7293 | D:8      | 7293 ||| INVOKING Heroism.
  7364 | D:8      | Found a runed translucent door.
  7367 | D:8      | Noticed a two-headed ogre
  7415 | D:8      | Found a runed translucent door.
  7415 | D:8      | Noticed a manticore
  7579 | D:8      | 7579 ||| UPGRADING to +0 plate armour.
  7589 | D:8      | 7589 ||| DROPPING +0 chain mail.
  7590 | D:8      | 7590 ||| UPGRADING to +0 cloak.
  7595 | D:8      | 7595 ||| READING scroll labelled FUNOYJENUDD.
  7636 | D:8      | 7636 ||| READING scroll labelled FIOBAYRISE.
  7637 | D:8      | 7637 ||| READING 5 scrolls of identify.
  7637 | D:8      | 7637 ||| IDENTIFYING white potion
  7638 | D:8      | 7638 ||| READING 4 scrolls of identify.
  7638 | D:8      | 7638 ||| IDENTIFYING glowing amethyst potion
  7639 | D:8      | 7639 ||| READING 3 scrolls of identify.
  7639 | D:8      | 7639 ||| IDENTIFYING amethyst potion
  7640 | D:8      | 7640 ||| DROPPING potion of invisibility.
  7641 | D:8      | 7641 ||| DROPPING potion of flight.
  7685 | D:9      | 7685 ||| INVOKING Heroism.
  7722 | D:9      | Reached skill level 6 in Armour
  7745 | D:9      | Found a staircase to the Lair.
  7752 | D:9      | 7752 ||| INVOKING Heroism.
  7778 | D:9      | 7778 ||| Stepping ~*~*~tactically~*~*~ (stealth).
  7833 | D:9      | Reached skill level 3 in Throwing
  8050 | D:9      | Noticed a two-headed ogre
  8051 | D:9      | 8051 ||| INVOKING Heroism.
  8058 | D:9      | Killed a two-headed ogre
  8088 | D:9      | Identified the +0 rapier of the Kidney {holy, rElec rC+
                  | Int+3 SInv}
  8158 | D:9      | 8158 ||| DROPPING orb of light.
  8159 | D:9      | 8159 ||| Stepping randomly (disturbance).
  8160 | D:9      | 8160 ||| Stepping randomly (disturbance).
  8190 | D:9      | Killed an unseen horror
  8190 | D:9      | Reached *** piety under Okawaru
  8191 | D:9      | Reached skill level 11 in Axes
  8248 | D:9      | Noticed Prince Ribbit
  8253 | D:9      | Killed Prince Ribbit
  8290 | D:9      | Reached XP level 11. HP: 68/68 MP: 14/14
  8570 | D:9      | 8570 ||| PLANNING LAIR
  8570 | D:9      | 8570 ||| READING scroll labelled CORRIEMAK.
  8571 | D:9      | 8571 ||| READING scroll labelled OLUHIU ELUCWE.
  8572 | D:9      | 8572 ||| READING scroll labelled APNEAS SAFENEU.
  8673 | D:9      | 8673 ||| READING 2 scrolls of identify.
  8673 | D:9      | 8673 ||| IDENTIFYING viscous emerald potion
  8707 | Lair:1   | Entered Level 1 of the Lair of Beasts
  8707 | Lair:1   | Noticed a death yak
  8708 | Lair:1   | 8708 ||| INVOKING Heroism.
  8708 | Lair:1   | Noticed a death yak
  8712 | Lair:1   | Noticed a death yak
  8713 | Lair:1   | Noticed a death yak
  8720 | Lair:1   | 8720 ||| STAIRDANCE
  8722 | D:9      | HP: 14/68 [cane toad (15)]
  8722 | D:9      | Mangled by a death yak

Levels and vault maps discovered:
D:1:      ebering_trefoil_3fold, layout_rooms,
          ebering_ecumenical_altar_petrified
D:2:      layout_basic, serial_undead, serial_undead_f, serial_undead_c,
          serial_undead_a, serial_undead_b, feat_on_display
D:3:      layout_rooms
D:4:      lemuel_castle_with_subvaults [lemuel_castle_interior_original],
          layout_cave_pools, vehumet_crystals, lemuel_tele_altar,
          portal_sewer_entry_d, uniq_natasha
D:5:      layout_cave_pools, temple_statues, solitary_fountain,
          minmay_misc_feat_tower, amcnicky_mini_pool_small
D:6:      layout_layer_cave, lemuel_crystal_altar, xom_teletrap_fun,
          serial_shops, shop, grunt_ministairs_11
D:7:      layout_cave_pods, serial_shops, nicolae_shop_rolling_square,
          grunt_decor_arrowhead, minmay_manual_monstrance
D:8:      cheibrodos_histonic, layout_basic, serial_shops, nicolae_shop_stone,
          serial_demonic, serial_demonic_e, serial_demonic_b, serial_demonic_a,
          serial_demonic_a, serial_demonic_a, serial_demonic_d,
          minmay_manual_mess
D:9:      layout_irregular_city, erik_lair_orcish_takeover, uniq_prince_ribbit1
Lair:1:   layout_gridlike, infiniplex_staircase_pool

Skill      XL: |  1  2  3  4  5  6  7  8  9 10 11 |
---------------+----------------------------------+-----
Axes           | 2 3 4 5 7 8 9 11 | 11.0
Fighting       | 5 6 7 8 |  8.0
Dodging        | 1 |  1.0
Throwing       | 1 3 |  3.0
Invocations    | 3 4 |  4.0
Armour         | 4 5 7 8 |  8.1
Shields        | 4 5 |  5.0

Action                     |  1- 3 |  4- 6 |  7- 9 | 10-12 || total
---------------------------+-------+-------+-------+-------++-------
  Melee: War axe           |   102 |   112 |   336 |   151 ||   701
  Throw: Boomerang         |       |       |    63 |    10 ||    73
         Javelin           |       |       |       |    16 ||    16
 Invoke: Heroism           |       |       |    12 |     6 ||    18
    Use: Scroll            |     6 |     3 |     6 |    11 ||    26
         Potion            |     1 |     1 |     1 |       ||     3
 Armour: Scale mail        |    28 |       |       |       ||    28
         Ring mail         |    19 |       |       |       ||    19
         Chain mail        |    15 |    80 |   228 |    48 ||   371
         Plate armour      |       |       |       |    85 ||    85
  Dodge: Dodged            |    41 |    46 |   152 |   125 ||   364
  Block: Buckler           |    18 |    22 |    78 |    51 ||   169

Table legend:
 A = Non-vault XP
 B = Vault XP
 C = Vault XP percentage of total XP
 D = Non-vault monster count
 E = Vault monster count
 F = Vault count percentage of total count
                 A         B        C        D         E       F
            +---------+---------+-------+---------+---------+-------
      Total |    6757 |    2897 |  30.0 |     129 |      90 |  41.1
            +---------+---------+-------+---------+---------+-------
        D:1 |      28 |       0 |   0.0 |      16 |       0 |   0.0
        D:2 |      35 |       9 |  20.5 |      13 |       3 |  18.8
        D:3 |     200 |       0 |   0.0 |      16 |       0 |   0.0
        D:4 |     352 |     747 |  68.0 |      14 |      56 |  80.0
        D:5 |     593 |       0 |   0.0 |       9 |       0 |   0.0
        D:6 |     439 |     213 |  32.7 |      11 |       2 |  15.4
        D:7 |    1061 |     526 |  33.1 |      16 |       6 |  27.3
        D:8 |    1116 |     556 |  33.3 |      19 |      15 |  44.1
        D:9 |    2536 |     846 |  25.0 |      14 |       8 |  36.4
     Lair:1 |     397 |       0 |   0.0 |       1 |       0 |   0.0
            +---------+---------+-------+---------+---------+-------
